PR
FORT KNOX CENTENNIAL @ GREENPORT HARBOR WHALES
09/05/2032
 
TOP OF THE 1ST
Fort Knox Centennial batting - Pitching for Greenport Harbor Whales : RHP Hirohisa Niiya
Pitching: RHP Hirohisa Niiya
Batting: RHB Loring Rommel 0-0: Fly out, F6 (Line Drive, 56)
Batting: RHB Eibe Schmidt 0-0: Fly out, F8 (Flyball, 78M)
Batting: LHB Nelson López 0-0: Foul Ball, location: 2F
0-1: Ball
1-1: Called Strike
1-2: Ball
2-2: Ball
3-2: Base on Balls
Batting: SHB Les Lagendijk 0-0: Foul Ball, location: 2F
0-1: DOUBLE (Line Drive, 9LM)
Nelson López to third
Runner from 3rd tries for Home, SAFE, no throw
Batting: RHB Dejmi Dumervil 0-0: Called Strike
0-1: Swinging Strike
0-2: Ball
1-2: Strikes out swinging
Top of the 1st over - 1 run, 1 hit, 0 errors, 1 left on base; Fort Knox 1 - Greenport 0
BOTTOM OF THE 1ST
Greenport Harbor Whales batting - Pitching for Fort Knox Centennial : RHP Jacob Swanson
Pitching: RHP Jacob Swanson
Batting: RHB Hsui-chuan Hong 0-0: Swinging Strike
0-1: Foul Ball, location: 2F
0-2: SOLO HOME RUN (Flyball, 7D), Distance : 369 ft
Batting: SHB Joel Washington 0-0: Called Strike
0-1: Foul Ball, location: 2F
0-2: Ball
1-2: Foul Ball, location: 2F
1-2: Foul Ball, location: 2F
1-2: Foul Ball, location: 2F
1-2: Ball
2-2: SINGLE (Groundball, 34D)
Batting: RHB Bill Chaundler 0-0: Foul Ball, location: 2F
0-1: Ground out U3 (Groundball, 34)
Joel Washington to second
Batting: RHB Carlos Muńóz 0-0: Foul Ball, location: 2F
0-1: Ball
1-1: Ball
2-1: Called Strike
2-2: Strikes out swinging
Batting: RHB Kupaalani Bakana 0-0: Ball
1-0: Called Strike
1-1: Fly out, F6 (Line Drive, 6)
Bottom of the 1st over - 1 run, 2 hits, 0 errors, 1 left on base; Fort Knox 1 - Greenport 1
TOP OF THE 2ND
Fort Knox Centennial batting - Pitching for Greenport Harbor Whales : RHP Hirohisa Niiya
Batting: RHB Alfredo Araújo 0-0: Ball
1-0: Foul Ball, location: 2F
1-1: Ball
2-1: Foul Ball, location: 2F
2-2: SINGLE (Flyball, 78M)
Batting: RHB Maxence Sultanbekov 0-0: Called Strike
0-1: Foul Ball, location: 2F
0-2: Fly out, F9 (Flyball, 89M)
Batting: RHB Desiderio Baroncelli 0-0: Ball
1-0: Called Strike
1-1: Ball
2-1: Called Strike
2-2: Foul Ball, location: 2F
2-2: Strikes out swinging
Batting: LHB Ricardo Varela 0-0: SINGLE (Groundball, 34D)
Alfredo Araújo to second
Runner from 2nd tries for 3rd, SAFE, no throw
Batting: RHB Loring Rommel 0-0: Ball
1-0: Ball
2-0: SINGLE (Groundball, 6D)
Alfredo Araújo scores
Ricardo Varela to second
Batting: RHB Eibe Schmidt 0-0: Ball
1-0: Swinging Strike
1-1: Foul Ball, location: 2F
1-2: Strikes out swinging
Top of the 2nd over - 1 run, 3 hits, 0 errors, 2 left on base; Fort Knox 2 - Greenport 1
BOTTOM OF THE 2ND
Greenport Harbor Whales batting - Pitching for Fort Knox Centennial : RHP Jacob Swanson
Batting: LHB Jing-quo Sung 0-0: Called Strike
0-1: Swinging Strike
0-2: Ball
1-2: Ball
2-2: Foul Ball, location: 2F
2-2: Fly out, F9 (Flyball, 9LMF)
Batting: RHB Jung-heum Ho 0-0: Ball
1-0: Called Strike
1-1: Ball
2-1: Ball
3-1: Fly out, F7 (Flyball, 78M)
Batting: SHB Miguel González 0-0: Fly out, F6 (Line Drive, 6M)
Bottom of the 2nd over - 0 runs, 0 hits, 0 errors, 0 left on base; Fort Knox 2 - Greenport 1
TOP OF THE 3RD
Fort Knox Centennial batting - Pitching for Greenport Harbor Whales : RHP Hirohisa Niiya
Batting: LHB Nelson López 0-0: Fly out, F8 (Line Drive, 8RS)
Batting: SHB Les Lagendijk 0-0: Called Strike
0-1: Foul Ball, location: 2F
0-2: Foul Ball, location: 2F
0-2: Strikes out swinging
Batting: RHB Dejmi Dumervil 0-0: Ball
1-0: Ball
2-0: Called Strike
2-1: Foul Ball, location: 2F
2-2: Foul Ball, location: 2F
2-2: Fly out, F7 (Flyball, 78D)
Top of the 3rd over - 0 runs, 0 hits, 0 errors, 0 left on base; Fort Knox 2 - Greenport 1
BOTTOM OF THE 3RD
Greenport Harbor Whales batting - Pitching for Fort Knox Centennial : RHP Jacob Swanson
Batting: RHB Jacques Devaux 0-0: Called Strike
0-1: Ball
1-1: Foul Ball, location: 2F
1-2: Ball
2-2: Ball
3-2: Ground out 2-3 (Groundball, 2R)
Batting: RHB Hsui-chuan Hong 0-0: Swinging Strike
0-1: Fly out, F6 (Popup, 6)
Batting: SHB Joel Washington 0-0: Ground out 4-3 (Groundball, 34D)
Bottom of the 3rd over - 0 runs, 0 hits, 0 errors, 0 left on base; Fort Knox 2 - Greenport 1
TOP OF THE 4TH
Fort Knox Centennial batting - Pitching for Greenport Harbor Whales : RHP Hirohisa Niiya
Batting: RHB Alfredo Araújo 0-0: Ball
1-0: Ball
2-0: Called Strike
2-1: Called Strike
2-2: Ball
3-2: Foul Ball, location: 2F
3-2: Base on Balls
Batting: RHB Maxence Sultanbekov 0-0: Called Strike
0-1: Swinging Strike
0-2: Strikes out swinging
Batting: RHB Desiderio Baroncelli 0-0: Ball
1-0: Foul Ball, location: 2F
1-1: Fielders Choice at 2nd, 4-6 (Groundball, 4MD)
Pitching: RHP Motoyuki Ito
Batting: LHB Ricardo Varela 0-0: Called Strike
0-1: Ball
1-1: Swinging Strike
1-2: Ball
Desiderio Baroncelli steals 2nd base
2-2: Foul Ball, location: 2F
2-2: Foul Ball, location: 2F
2-2: Strikes out swinging
Top of the 4th over - 0 runs, 0 hits, 0 errors, 1 left on base; Fort Knox 2 - Greenport 1
BOTTOM OF THE 4TH
Greenport Harbor Whales batting - Pitching for Fort Knox Centennial : RHP Jacob Swanson
Batting: RHB Bill Chaundler 0-0: Called Strike
0-1: Ball
1-1: Swinging Strike
1-2: Foul Ball, location: 2F
1-2: Ball
2-2: Foul Ball, location: 2F
2-2: SOLO HOME RUN (Flyball, 78XD), Distance : 389 ft
Batting: RHB Carlos Muńóz 0-0: Fly out, F9 (Line Drive, 9)
Batting: RHB Kupaalani Bakana 0-0: Called Strike
0-1: Swinging Strike
0-2: Ball
1-2: Ball
2-2: SINGLE (Groundball, 5D)
Batting: LHB Jing-quo Sung 0-0: Grounds into double play, 4-6-3 (Groundball, 4)
Bottom of the 4th over - 1 run, 2 hits, 0 errors, 0 left on base; Fort Knox 2 - Greenport 2
TOP OF THE 5TH
Fort Knox Centennial batting - Pitching for Greenport Harbor Whales : RHP Motoyuki Ito
Batting: RHB Loring Rommel 0-0: SINGLE (Line Drive, 8RS)
Batting: RHB Eibe Schmidt 0-0: Ball
Loring Rommel steals 2nd base
1-0: Called Strike
1-1: Ball
2-1: Foul Ball, location: 2F
2-2: Ground out 6-3 (Groundball, 6)
Batting: LHB Nelson López 0-0: Intentional Walk
Batting: SHB Les Lagendijk 0-0: Foul Ball, location: 2F
0-1: Ball
1-1: Ball
2-1: Foul Ball, location: 2F
2-2: Strikes out looking
Batting: RHB Dejmi Dumervil 0-0: Ball
1-0: Called Strike
1-1: Foul Ball, location: 2F
1-2: Ball
2-2: Strikes out swinging
Top of the 5th over - 0 runs, 1 hit, 0 errors, 2 left on base; Fort Knox 2 - Greenport 2
BOTTOM OF THE 5TH
Greenport Harbor Whales batting - Pitching for Fort Knox Centennial : RHP Jacob Swanson
Batting: RHB Jung-heum Ho 0-0: Ball
1-0: Called Strike
1-1: Called Strike
1-2: Strikes out swinging
Batting: SHB Miguel González 0-0: Ball
1-0: Swinging Strike
1-1: Foul Ball, location: 2F
1-2: Strikes out looking
Batting: RHB Jacques Devaux 0-0: Ball
1-0: Foul Ball, location: 2F
1-1: Foul Ball, location: 2F
1-2: SINGLE (Line Drive, 89M)
Batting: RHB Hsui-chuan Hong 0-0: Called Strike
0-1: SINGLE (Groundball, 4) (infield hit)
Jacques Devaux to second
Batting: SHB Joel Washington 0-0: Called Strike
0-1: Foul Ball, location: 2F
0-2: Ball
1-2: Strikes out swinging
Bottom of the 5th over - 0 runs, 2 hits, 0 errors, 2 left on base; Fort Knox 2 - Greenport 2
TOP OF THE 6TH
Fort Knox Centennial batting - Pitching for Greenport Harbor Whales : RHP Motoyuki Ito
Batting: RHB Alfredo Araújo 0-0: Ball
1-0: Ground out 6-3 (Groundball, 6)
Batting: RHB Maxence Sultanbekov 0-0: Called Strike
0-1: Fly out, F1 (Line Drive, 13)
Batting: RHB Desiderio Baroncelli 0-0: Ball
1-0: SINGLE (Line Drive, 4MD)
Batting: LHB Ricardo Varela 0-0: DOUBLE (Line Drive, 9LD)
Desiderio Baroncelli to third
Runner from 3rd tries for Home, SAFE, throw made at trailing runner, OUT at third!
Top of the 6th over - 1 run, 2 hits, 0 errors, 0 left on base; Fort Knox 3 - Greenport 2
BOTTOM OF THE 6TH
Greenport Harbor Whales batting - Pitching for Fort Knox Centennial : RHP Jacob Swanson
Batting: RHB Bill Chaundler 0-0: Called Strike
0-1: Foul Ball, location: 2F
0-2: Ball
1-2: Strikes out swinging
Batting: RHB Carlos Muńóz 0-0: Ball
1-0: Ball
2-0: SINGLE (Line Drive, 6D)
Batting: RHB Kupaalani Bakana 0-0: Swinging Strike
0-1: Ball
1-1: SINGLE (Flyball, 7LS)
Carlos Muńóz to second
Pitching: RHP Diego Cartaya
Batting: LHB Jing-quo Sung 0-0: Called Strike
0-1: Ball
1-1: Fly out, F8 (Flyball, 8RD)
Runner from 2nd tags up, SAFE at 3rd with throw
Batting: RHB Jung-heum Ho 0-0: Ball
1-0: Called Strike
1-1: Called Strike
1-2: Ground out U3 (Groundball, 3)
Bottom of the 6th over - 0 runs, 2 hits, 0 errors, 2 left on base; Fort Knox 3 - Greenport 2
TOP OF THE 7TH
Fort Knox Centennial batting - Pitching for Greenport Harbor Whales : RHP Motoyuki Ito
Batting: RHB Loring Rommel 0-0: Fly out, F5 (Line Drive, 5)
Batting: RHB Eibe Schmidt 0-0: Ball
1-0: Foul Ball, location: 2F
1-1: Foul Ball, location: 2F
1-2: Fly out, F9 (Flyball, 9D)
Batting: LHB Nelson López 0-0: Called Strike
0-1: Ground out 6-3 (Groundball, 6)
Top of the 7th over - 0 runs, 0 hits, 0 errors, 0 left on base; Fort Knox 3 - Greenport 2
BOTTOM OF THE 7TH
Greenport Harbor Whales batting - Pitching for Fort Knox Centennial : RHP Diego Cartaya
Batting: SHB Miguel González 0-0: Ball
1-0: Foul Ball, location: 2F
1-1: Ground out 6-3 (Groundball, 6)
Batting: RHB Jacques Devaux 0-0: Foul Ball, location: 2F
0-1: Ball
1-1: Ball
2-1: Ground out 6-3 (Groundball, 6)
Batting: RHB Hsui-chuan Hong 0-0: Ground out U3 (Groundball, 3S)
Bottom of the 7th over - 0 runs, 0 hits, 0 errors, 0 left on base; Fort Knox 3 - Greenport 2
TOP OF THE 8TH
Fort Knox Centennial batting - Pitching for Greenport Harbor Whales : RHP Motoyuki Ito
Batting: SHB Les Lagendijk 0-0: Called Strike
0-1: Ball
1-1: Ground out 5-3 (Groundball, 56)
Batting: RHB Dejmi Dumervil 0-0: Called Strike
0-1: SINGLE (Line Drive, 34D)
Batting: RHB Alfredo Araújo 0-0: Called Strike
0-1: Ball
1-1: Ball
Dejmi Dumervil is caught stealing 2nd base
2-1: SINGLE (Line Drive, 89S)
Batting: RHB Maxence Sultanbekov 0-0: Fly out, F9 (Flyball, 9S)
Top of the 8th over - 0 runs, 2 hits, 0 errors, 1 left on base; Fort Knox 3 - Greenport 2
BOTTOM OF THE 8TH
Greenport Harbor Whales batting - Pitching for Fort Knox Centennial : RHP Diego Cartaya
Batting: SHB Joel Washington 0-0: Ball
1-0: Ball
2-0: Fly out, F3 (Line Drive, 4S)
Batting: RHB Bill Chaundler 0-0: Ball
1-0: Ball
2-0: Ball
3-0: Called Strike
3-1: Foul Ball, location: 2F
3-2: Foul Ball, location: 2F
3-2: SINGLE (Line Drive, 7S)
Batting: RHB Carlos Muńóz 0-0: SINGLE (Flyball, 9S)
Bill Chaundler to second
Batting: RHB Kupaalani Bakana 0-0: Called Strike
0-1: Swinging Strike
0-2: Strikes out swinging
Pitching: RHP Arturo Mesa
Batting: LHB Jing-quo Sung 0-0: Foul Ball, location: 2F
0-1: Ball
1-1: Ground out 4-3 (Groundball, 4)
Bottom of the 8th over - 0 runs, 2 hits, 0 errors, 2 left on base; Fort Knox 3 - Greenport 2
TOP OF THE 9TH
Fort Knox Centennial batting - Pitching for Greenport Harbor Whales : RHP Motoyuki Ito
Pitching: RHP Jim Perry
Batting: RHB Desiderio Baroncelli 0-0: Foul Ball, location: 2F
0-1: Swinging Strike
0-2: Foul Ball, location: 2F
0-2: Ball
1-2: Strikes out swinging
Batting: LHB Ricardo Varela 0-0: Ball
1-0: Ball
2-0: Swinging Strike
2-1: Foul Ball, location: 2F
2-2: Strikes out swinging
Batting: RHB Loring Rommel 0-0: Ball
1-0: Called Strike
1-1: Ground out 4-3 (Groundball, 4M)
Top of the 9th over - 0 runs, 0 hits, 0 errors, 0 left on base; Fort Knox 3 - Greenport 2
BOTTOM OF THE 9TH
Greenport Harbor Whales batting - Pitching for Fort Knox Centennial : RHP Arturo Mesa
Batting: RHB Jung-heum Ho 0-0: SINGLE (Groundball, 6) (infield hit)
Pitching: LHP Jorge Pérez
Pinch Hitting: RHB Kelyn Diallo 0-0: Called Strike
0-1: Swinging Strike
0-2: Ball
Wild Pitch!
Jung-heum Ho to second
1-2: Ball
2-2: Ball
3-2: Ground out U3 (Groundball, 3)
Jung-heum Ho to third
Batting: RHB Jacques Devaux 0-0: Ball
1-0: Ball
2-0: Ball
3-0: Called Strike
3-1: Foul Ball, location: 2F
3-2: Strikes out swinging
Batting: RHB Hsui-chuan Hong 0-0: Ball
1-0: Ball
2-0: Ball
3-0: Called Strike
3-1: Base on Balls
Batting: SHB Joel Washington 0-0: Ball
Passed Ball!
Jung-heum Ho scores
Hsui-chuan Hong to second
1-0: Ball
2-0: Called Strike
2-1: Ball
Wild Pitch!
Hsui-chuan Hong to third
3-1: Foul Ball, location: 2F
3-2: Fly out, F6 (Line Drive, 6)
Bottom of the 9th over - 1 run, 1 hit, 0 errors, 1 left on base; Fort Knox 3 - Greenport 3
TOP OF THE 10TH
Fort Knox Centennial batting - Pitching for Greenport Harbor Whales : RHP Jim Perry
Now in CF: Toby Caunce
Pinch Hitting: RHB Kimi Okubo 0-0: Ball
1-0: Ball
2-0: Ball
3-0: Called Strike
3-1: Called Strike
3-2: Strikes out looking
Batting: LHB Nelson López 0-0: Fly out, F9 (Flyball, 9)
Batting: SHB Les Lagendijk 0-0: Called Strike
0-1: Foul Ball, location: 2F
0-2: Strikes out swinging
Top of the 10th over - 0 runs, 0 hits, 0 errors, 0 left on base; Fort Knox 3 - Greenport 3
BOTTOM OF THE 10TH
Greenport Harbor Whales batting - Pitching for Fort Knox Centennial : LHP Jorge Pérez
Now at 1B: Kimi Okubo
Batting: RHB Bill Chaundler 0-0: Called Strike
0-1: Called Strike
0-2: SINGLE (Popup, 6D)
Batting: RHB Carlos Muńóz 0-0: Ball
1-0: Called Strike
1-1: Foul Ball, location: 2F
1-2: Ball
2-2: Ball
3-2: DOUBLE (Flyball, 9LD)
Bill Chaundler to third
Batting: RHB Kupaalani Bakana 0-0: Intentional Walk
Batting: LHB Jing-quo Sung 0-0: Swinging Strike
0-1: Swinging Strike
0-2: Ball
1-2: Foul Ball, location: 2F
1-2: Strikes out swinging
Batting: RHB Jung-heum Ho 0-0: SINGLE (Groundball, 4MD)
Bill Chaundler scores
Wednesday, September 19th, 2018 - OOTP Baseball 18.8 Build 76